 Dungeon Crawl Stone Soup version 0.27-a0-1324-ge0d8e047f6 (webtiles) character file.

Game seed: 2322324748499536943

354 grindst0ne the Skirmisher (level 6, -2/54 HPs)
             Began as a Palentonga Fighter on June 23, 2021.
             Slain by Natasha (3 damage)
             ... on level 3 of the Dungeon.
             The game lasted 00:03:45 (3245 turns).

grindst0ne the Skirmisher (Palentonga Fighter)      Turns: 3245, Time: 00:03:46

Health: -2/54      AC:  6    Str: 19    XL:     6   Next: 35%
Magic:  6/6        EV:  6    Int: 10    God:
Gold:   114        SH:  9    Dex: 10    Spells: 5/5 levels left

rFire    . . .     SeeInvis +   f - +1 whip (freeze)
rCold    . . .     Faith    .   c - +0 kite shield
rNeg     . . .     Spirit   .   b - +0 scale mail
rPois    .         Reflect  .   (no helmet)
rElec    .         Harm     .   (no cloak)
rCorr    .         Rampage  .   (no gloves)
Will     .....                  (no barding)
Stlth    ..........             (no amulet)
HPRegen  0.18/turn              (no ring)
MPRegen  0.10/turn              (no ring)

@: mighty, flying
A: large, rugged brown scales 3, see invisible, deformed body, roll 1, armoured
tail
a: Rolling Charge


You were on level 3 of the Dungeon.
You visited 1 branch of the dungeon, and saw 3 of its levels.
You also visited: Sewer.

You collected 114 gold pieces.

Inventory:

Hand Weapons
 a - a +0 war axe
 f - a +1 whip of freezing (weapon)
 p - a +0 dagger of venom
Missiles
 n - a throwing net
Armour
 b - a +0 scale mail (worn)
 c - a +0 kite shield (worn)
Scrolls
 e - a scroll of enchant weapon {unknown}
 h - 2 scrolls of fog {unknown}
 i - a scroll of amnesia {unknown}
 k - 5 scrolls of teleportation {unknown}
 m - 2 scrolls of identify {unknown}
 q - a scroll of magic mapping {unknown}
 s - a scroll of blinking {unknown}
Potions
 d - a potion of might
 g - a potion of flight
 j - a potion of invisibility {unknown}
 l - 2 potions of lignification {unknown}
 o - a potion of degeneration {unknown}
 r - a potion of magic {unknown}
 t - a potion of haste {unknown}


   Skills:
 + Level 5.5 Fighting
 - Level 2.0 Axes
 - Level 2.4 Armour
 + Level 4.5 Shields


You had 5 spell levels left.
You didn't know any spells.
Your spell library contained the following spells:

 Spells                   Type           Power      Damage    Failure   Level
 Animate Skeleton         Necr           0%         N/A       97%         1
 Pain                     Necr           0%         1d4       97%         1
 Vampiric Draining        Necr           0%         2d6       100%        3
 Animate Dead             Necr           0%         N/A       100%        4
 Agony                    Necr           0%         N/A       100%        5


Dungeon Overview and Level Annotations

Branches:
Dungeon (3/15)              Sewer (visited)

Altars:
Dithmenos

Annotations:
D:3 Natasha


Innate Abilities, Weirdness & Mutations

You are completely covered in rugged brown scales. (AC +3, +7% HP)
You have supernaturally acute eyesight. (SInv)
Armour fits poorly on your strangely shaped body.
You can roll at nearby foes to attack.
You have a long armoured tail.


Message History

You block Natasha's attack. The endoplasm freezes you.
You are frozen.
* * * LOW HITPOINT WARNING * * *
Ijyb hits you but does no damage. The goblin hits you but does no damage.
You whack Ijyb! You freeze Ijyb.
You kill Ijyb!
You block Natasha's attack. The endoplasm freezes you.
You are frozen.
* * * LOW HITPOINT WARNING * * *
The goblin hits you but does no damage. You block Natasha's attack.
The endoplasm freezes you.
You are frozen.
* * * LOW HITPOINT WARNING * * *
The goblin barely misses you.
Things that are here:
a +0 dagger; a +0 leather armour; a wand of flame (20)
You block the endoplasm's attack. The goblin barely misses you.
You block Natasha's attack.
You closely miss Natasha. The endoplasm freezes you.
You are frozen.
* * * LOW HITPOINT WARNING * * *
The goblin barely misses you. You block Natasha's attack.
The endoplasm hits you.
* * * LOW HITPOINT WARNING * * *
You hit Natasha but do no damage.
You tail-slap Natasha, but do no damage.
You block the goblin's attack. Natasha closely misses you.
The endoplasm barely misses you. The goblin hits you but does no damage.
You feel very mighty all of a sudden. Natasha claws you but does no damage.
You block the endoplasm's attack. The goblin hits you with a +0 club.
* * * LOW HITPOINT WARNING * * *
It was a potion of flight.
You feel very buoyant.
You fly up into the air.
Natasha claws you.
You die...

..... #.......#
.............>.....#
...........# #.....#
...........# #.....#
...........# #.....#
...........###.....#####
...?.........'.....'....
........g..###.....#####
.......@h..........#
........J......#####
...............#
........>......#
####...........#
#############


You could see Natasha, an endoplasm and a goblin.

Vanquished Creatures
  2 kobold brigands (Sewer)
  Ijyb (D:3)
  Natasha (D:3)
  8 adders
  2 river rats (Sewer)
  2 worms
  3 dart slugs
  A bat (D:1)
  4 giant cockroaches
  A goblin (D:1)
  2 hobgoblins (D:2)
  10 jackals
  2 quokkas
  10 ball pythons
  A frilled lizard (D:2)
  12 kobolds
  9 rats
71 creatures vanquished.

Notes
Turn   | Place    | Note
-------+----------+-------------------------------------------
     0 | D:1      | grindst0ne the Palentonga Fighter began the quest for the
                  | Orb.
     0 | D:1      | Reached XP level 1. HP: 19/19 MP: 1/1
   163 | D:1      | Reached XP level 2. HP: 25/25 MP: 2/2
   847 | D:1      | Found a faded altar of an unknown god.
  1019 | D:2      | Reached XP level 3. HP: 24/32 MP: 3/3
  1335 | D:2      | Reached skill level 4 in Fighting
  1483 | D:2      | Reached XP level 4. HP: 34/39 MP: 4/4
  1944 | D:3      | Found a glowing drain.
  2030 | Sewer    | Entered a sewer
  2295 | Sewer    | Reached XP level 5. HP: 37/46 MP: 5/5
  2709 | Sewer    | Reached skill level 5 in Fighting
  3007 | Sewer    | Reached XP level 6. HP: 40/54 MP: 6/6
  3129 | D:3      | Noticed Natasha
  3134 | D:3      | Killed Natasha
  3170 | D:3      | Found a shadowy altar of Dithmenos.
  3224 | D:3      | Noticed Ijyb
  3226 | D:3      | Noticed Natasha
  3239 | D:3      | Killed Ijyb
  3242 | D:3      | HP: 2/54 [frozen (4)]
  3245 | D:3      | Slain by Natasha

Illustrated notes

Levels and vault maps discovered:
D:1:      minmay_arrival_five_plusses, layout_basic,
          hellmonk_ecumenical_altar_zigzags
D:2:      layout_loops_ring
D:3:      layout_basic, lemuel_crystal_altar, gup_sewer_entry_glass,
          serial_shops, nicolae_lakefront_shop, uniq_natasha, uniq_jessica,
          uniq_ijyb

Skill      XL: |  1  2  3  4  5 |
---------------+----------------+-----
Shields        | 3 4 |  4.5
Fighting       | 4 5 |  5.5
Axes           | |  2.0
Armour         | |  2.4

Action                   |  1- 3 |  4- 6 || total
-------------------------+-------+-------++-------
Melee: Whip              |   139 |   152 ||   291
       Tailslap          |    12 |    16 ||    28
  Use: Potion            |       |     2 ||     2
Armor: Scale mail        |    75 |    54 ||   129
Dodge: Dodged            |    34 |    31 ||    65
Block: Kite shield       |    77 |    64 ||   141

Table legend: (Time is in decaauts)
 A = Elapsed time spent in this place.
 B = Non-inter-level travel time spent in this place.
 C = Inter-level travel time spent in this place.
 D = Time resting spent in this place.
 E = Time spent auto-exploring this place.
 F = Levels seen in this place.
 G = Mean time per level.
                   A        B        C        D        E       F      G
               +--------+--------+--------+--------+--------+-----+--------+
         Total |   3387 |   3338 |     49 |    203 |   2377 |   4 |  846.8 |
       Dungeon |   2284 |   2235 |     49 |      0 |   1746 |   3 |  761.3 |
         Sewer |   1103 |   1103 |      0 |    203 |    631 |   1 | 1103.0 |
               +--------+--------+--------+--------+--------+-----+--------+

Top non-repeatable levels by time:
   Sewer: 1103 daAuts
     D:2: 1027 daAuts
     D:1: 938 daAuts
     D:3: 319 daAuts
